 Dungeon Sprint DCSS version 0.30-a0-172-gc5509c9e31 (webtiles) character file.

Game seed: 10976935777050708444

39256 hellse the Black Belt (level 14, -5/121 HPs)
             Began as a Gnoll Transmuter on Oct 1, 2022.
             Was the Champion of Sif Muna.
             Killed from afar by Azrael (29 damage)
             ... with damnation
             ... in the Dungeon (Sprint IX: "|||||||||||||||||||||||||||||").
             The game lasted 00:18:31 (5631 turns).

hellse the Black Belt (Gnoll Transmuter)            Turns: 5631, Time: 00:18:32

Health: -5/121     AC: 19    Str: 11    XL:     14   Next: 5%
Magic:  26/33      EV: 13    Int: 23    God:    Sif Muna [******]
Gold:   282        SH:  0    Dex: 12    Spells: 10/43 levels left

rFire   . . .      SeeInvis .      - Unarmed
rCold   + + +      Faith    .    (shield currently unavailable)
rNeg    + . .      Spirit   .    O - +1 ice dragon scales
rPois   .          Reflect  .    (no helmet)
rElec   +          Harm     .    (no cloak)
rCorr   .          Rampage  +    (gloves currently unavailable)
Will    +....      NoTele   +    N - +2 pair of boots {rampage}
Stlth   +++.......               F - macabre finger necklace {rN+}
HPRegen 0.40/turn                K - ring of fire
MPRegen 0.23/turn                v - +3 ring of intelligence
                                 G - ring "Vusygavyev" {rElec rC++ Int+3 Slay+4 Stlth-}

@: lethally poisoned (-5 -> -6), blade hands, invisible
A: fangs 1, strong nose, distributed training
a: End Transformation, Renounce Religion, Channel Magic, Forget Spell, Divine
Exegesis


You were in the Dungeon.
You worshipped Sif Muna.
Sif Muna was exalted by your worship.
You had blades for hands.
You visited 1 branch You collected 1932 gold pieces.
You spent 1650 gold pieces at shops.

Inventory:

Hand Weapons
 l - a +1 broad axe of freezing
 m - a +2 halberd of protection
 n - a +2 morningstar of holy wrath
 o - a +4 quarterstaff of speed
 p - a +2 rapier of venom
 q - a +2 scimitar of holy wrath
Armour
 a - a +0 robe
 e - a +2 kite shield of reflection (melded)
 g - a +0 kite shield
 h - a +6 plate armour of ponderousness
 r - a +0 pair of boots
 s - a +0 helmet
 t - a +1 chain mail
 B - a +0 helmet
 C - a +0 pair of boots
 D - a +0 helmet
 E - a +0 cloak
 L - a +1 cloak
 M - a +1 helmet
 N - a +2 pair of boots of rampaging (worn)
 O - +1 ice dragon scales (worn)
 P - +0 acid dragon scales
Jewellery
 u - a +3 ring of dexterity
 v - a +3 ring of intelligence (right blade hand)
 F - the macabre finger necklace (around neck) {rN+}
   (You bought it in a shop in the Dungeon)

   [amulet of nothing]

   It enables you to equip an extra ring.
   rN:        It protects you from negative energy.
 G - the ring "Vusygavyev" (on amulet) {rElec rC++ Int+3 Slay+4 Stlth-}
   (You bought it in a shop in the Dungeon)

   [ring of slaying]

   Int:       It affects your intelligence (+3).
   Slay:      It affects your accuracy & damage with ranged weapons and melee
   (+4).
   rC:        It greatly protects you from cold.
   rElec:     It insulates you from electricity.
   Stlth:     It makes you less stealthy.
 H - a ring of see invisible
 I - a ring of poison resistance
 J - a +4 ring of evasion
 K - a ring of fire (left blade hand)
Wands
 k - a wand of quicksilver (4)
Scrolls
 x - 2 scrolls of fear
 y - 2 scrolls of enchant weapon
 z - a scroll of fog
 A - 5 scrolls of enchant armour
Potions
 b - a potion of lignification
 c - 8 potions of curing
 d - a potion of heal wounds
 f - 4 potions of magic
 w - 4 potions of mutation
 Q - a potion of brilliance


   Skills:
 + Level 14.9 Fighting
 + Level 14.6 Short Blades
 + Level 14.6 Long Blades
 + Level 14.6 Axes
 + Level 14.6 Maces & Flails
 + Level 14.6 Polearms
 + Level 14.6 Staves
 + Level 14.6 Ranged Weapons
 + Level 14.6 Throwing
 + Level 14.6 Armour
 + Level 15.3 Dodging
 + Level 14.6 Stealth
 + Level 14.6 Shields
 + Level 15.9 Unarmed Combat
 + Level 15.4 Spellcasting
 + Level 12.4 Conjurations
 + Level 12.4 Hexes
 + Level 12.4 Summonings
 + Level 12.4 Necromancy
 + Level 12.4 Translocations
 + Level 13.0 Transmutations
 + Level 12.4 Fire Magic
 + Level 12.4 Ice Magic
 + Level 12.4 Air Magic
 + Level 12.4 Earth Magic
 + Level 12.4 Poison Magic
 + Level 15.9 Invocations
 + Level 14.6 Evocations


You had 10 spell levels left.
You knew the following spells:

 Your Spells              Type           Power      Damage    Failure   Level
a - Beastly Appendage     Tmut           100%       N/A       6%          1
b - Wereblood             Tmut           67%        N/A       7%          2
d - Ice Form              Ice/Tmut       66%        N/A       14%         4
e - Arcjolt               Conj/Air       33%        1d43      22%         5
f - Borgnjor's Vile Clut  Necr/Erth      33%        N/A       22%         5
g - Silence               Hex/Air        33%        N/A       22%         5
i - Blade Hands           Tmut           33%        N/A       21%         5
j - Starburst             Conj/Fire      42%        6d12      52%         6

Your spell library contained the following spells:

 Spells                   Type           Power      Damage    Failure   Level
 Foxfire                  Conj/Fire      100%       2x1d9     7%          1
 Kiss of Death            Conj/Necr      100%       2d13      7%          1
 Magic Dart               Conj           100%       1d8       7%          1
 Ensorcelled Hibernation  Hex/Ice        100%       N/A       8%          2
 Momentum Strike          Conj/Tloc      100%       3d10      8%          2
 Passwall                 Tmut/Erth      55%        N/A       8%          2
 Scorch                   Fire           100%       2d10      8%          2
 Static Discharge         Conj/Air       100%       2-7/arc   8%          2
 Sublimation of Blood     Necr           66%        N/A       8%          2
 Spider Form              Tmut/Pois      66%        N/A       9%          3
 Confusing Touch          Hex            66%        N/A       10%         3
 Dazzling Flash           Conj/Hex       100%       N/A       10%         3
 Frozen Ramparts          Ice            100%       1d16      10%         3
 Hailstorm                Conj/Ice       66%        3d14      10%         3
 Inner Flame              Hex/Fire       85%        N/A       10%         3
 Portal Projectile        Hex/Tloc       100%       N/A       10%         3
 Stone Arrow              Conj/Erth      100%       3d13      10%         3
 Summon Guardian Golem    Hex/Summ       66%        N/A       10%         3
 Vampiric Draining        Necr           66%        2d10      10%         3
 Anguish                  Hex/Necr       33%        N/A       14%         4
 Cause Fear               Hex            33%        N/A       14%         4
 Flame Wave               Conj/Fire      85%        2d18      14%         4
 Fulminant Prism          Conj/Hex       33%        3d16      14%         4
 Iskenderun's Mystic Bla  Conj/Tloc      66%        2d14      14%         4
 Leda's Liquefaction      Hex/Erth       33%        N/A       14%         4
 Sticky Flame             Conj/Fire      85%        2d10      14%         4
 Summon Ice Beast         Ice/Summ       66%        N/A       14%         4
 Summon Lightning Spire   Summ/Air       66%        N/A       14%         4
 Agony                    Necr           66%        N/A       22%         5
 Alistair's Intoxication  Tmut/Pois      44%        N/A       22%         5
 Fireball                 Conj/Fire      42%        3d17      22%         5
 Freezing Cloud           Conj/Ice/Air   33%        6-21      22%         5
 Irradiate                Conj/Tmut      33%        3d22      22%         5
 Iskenderun's Battlesphe  Conj           66%        2d12      22%         5
 Lee's Rapid Deconstruct  Erth           33%        3d18*     22%         5
 Lightning Bolt           Conj/Air       33%        1d50      22%         5
 Metabolic Englaciation   Hex/Ice        33%        N/A       22%         5
 Summon Forest            Summ/Tloc      33%        N/A       22%         5
 Summon Mana Viper        Hex/Summ       66%        N/A       22%         5
 Yara's Violent Unravell  Hex/Tmut       33%        3d14      22%         5
 Conjure Ball Lightning   Conj/Air       33%        3x3d11    52%         6
 Death Channel            Necr           33%        N/A       52%         6
 Iron Shot                Conj/Erth      33%        9d7       52%         6
 Simulacrum               Ice/Necr       33%        N/A       52%         6
 Enfeeble                 Hex            33%        N/A       91%         7
 Orb of Destruction       Conj           33%        9d10      91%         7
 Ozocubu's Refrigeration  Ice            33%        4d14      91%         7
 Borgnjor's Revivificati  Necr           33%        N/A       100%        8
 Infestation              Necr           33%        N/A       100%        8
 Lehudib's Crystal Spear  Conj/Erth      33%        10d8      100%        8
 Summon Horrible Things   Summ           33%        N/A       100%        8
 Chain Lightning          Conj/Air       33%        3d44      100%        9
 Polar Vortex             Ice            33%        N/A       100%        9


Dungeon Overview and Level Annotations

Branches:
Dungeon (1/1)

Altars:
Cheibriados
Dithmenos
Elyvilon
Fedhas
Gozag
Hepliaklqana
Kikubaaqudgha
Makhleb
Nemelex Xobeh
Okawaru
Qazlal
Ru
Sif Muna
Trog
Uskayaw
Vehumet
Wu Jian
Xom
Yredelemnul
Zin
The Shining One
Jiyva
Lugonu

Shops:
D (!?=

Annotations:
D Azrael


Innate Abilities, Weirdness & Mutations

You have blades for hands.
Your spellcasting is less reliable in this form.
You are incapable of wielding weapons or throwing items.
You have very sharp teeth.
Your uncanny sense of smell can sniff out nearby items.
Your experience applies equally to all skills.


Message History

* * * LOW HITPOINT WARNING * * *
The hell hound breathes flames at you. The blast of flame hits you!
* * * LOW HITPOINT WARNING * * *
Unknown command.
Unknown command.
Unknown command.
Press: ? - help, v - describe, . - travel, g - get item
Here: a hell hound (black smoke, catching its breath)
Items here: a potion of mutation; the human corpse of Kirke.
The floor, spattered with blood.
Unknown command.
You feel much better.
You feel sick. The hell hound misses you.
Azrael gestures at the hell hound.
The fireball explodes!
The fireball engulfs the hell hound.
The hell hound completely resists.
The fireball engulfs Azrael.
Azrael completely resists.
The fireball engulfs you!
* * * LOW HITPOINT WARNING * * *
Unknown command.
Unknown command.
Unknown command.
You feel much better.
You feel sick. The hell hound closely misses you.
The hell hound barely misses you.
You slice the hell hound!!
The hell hound is severely wounded.
You feel sick. The hell hound bites you!
You slice the hell hound!!
You kill the hell hound!
Sif Muna accepts your kill. Azrael gestures at you. The bolt of fire hits you!!
* * * LOW HITPOINT WARNING * * *
Unknown command.
Unknown command.
Okay, then.
You feel much better.
You feel sick.
Azrael gestures at something.
The sphere of damnation explodes!
The damnation engulfs Azrael.
Azrael completely resists.
The damnation engulfs you!!
You die...

.▓÷▓.▓)▓.▓)▓.▓.▓°▓
∆
.▓.▓.▓.▓.▓.▓.▓.▓○▓
∆
.▓.▓.▓.▓.▓[▓.▓.▓h▓
∆
.▓.▓.▓.▓)▓.▓.▓'▓E▓
∆
.▓.▓.▓.▓.▓)▓.▓.▓h▓
∆
.▓.▓.▓'▓.▓.▓.▓.▓§▓
∆
.▓.▓)▓)▓.▓[▓.▓.▓R▓
.▓.▓)▓.▓.▓[▓.▓.▓§▓
.▓÷▓.▓.▓.▓.▓.▓.▓@▓
.▓÷▓)▓.▓.▓.▓.▓.▓§▓
∆
.▓.▓.▓.▓.▓.▓.▓.▓§▓
∆
.▓.▓.▓.▓.▓.▓.▓.▓.▓
∆
.▓.▓.▓.▓.▓[▓.▓.▓.▓
∆
.▓.▓.▓.▓.▓.▓.♣'♣.▓
∆
.▓.▓.▓.▓.▓.▓.♣÷♣.▓
∆
.▓.▓.▓)▓.▓.▓.♣.♣.▓
.▓.▓.▓)▓.▓.▓.♣.♣.▓


You could see Azrael (wandering, unable to see you).

Vanquished Creatures
  Kirke (D)
  Donald (D)
  A fire giant (D)
  A very ugly thing (D)
  Nessos (D)
  2 eleionomae (D)
  2 bunyips (D)
  A fire dragon (D)
  A rakshasa (D)
  3 hydras (D)
  2 ice dragons (D)
  A radroach (D)
  A boulder beetle (D)
  A merfolk avatar (D)
  2 death yaks (D)
  A tengu warrior (D)
  A hell knight (D)
  A pharaoh ant (D)
  A skeletal warrior (D)
  A salamander mystic (D)
  A naga ritualist (D)
  12 orc knights (D)
  2 harpies (shapeshifter) (D)
  2 ugly things (D)
  A wolf spider (D)
  2 will-o-the-wisps (D)
  7 manticores (D)
  2 moths of wrath (D)
  A black mamba (D)
  3 naga magi (D)
  2 guardian serpents (D)
  Joseph (D)
  A cane toad (D)
  5 komodo dragons (D)
  A yaktaur (D)
  A yaktaur (shapeshifter) (D)
  A freezing wraith (D)
  A polar bear (D)
  A tyrant leech (D)
  A tarantella (D)
  A blink frog (D)
  A snapping turtle (D)
  A jumping spider (D)
  2 shadows (D)
  A wraith (D)
  9 yaks (D)
  3 wyverns (D)
  5 hogs (D)
  A redback (D)
  A vampire mosquito (D)
  Grum (D)
  A naga (D)
  2 water moccasins (D)
  A hell hound (D)
  12 orc warriors (D)
  3 wolves (D)
  3 bullfrogs (D)
  2 gnoll sergeants (D)
  2 killer bees (D)
  A hound (D)
  2 orc priests (D)
  4 orc wizards (D)
  2 adders (D)
  A dart slug (D)
  9 orcs (D)
  An endoplasm (D)
  A goblin (D)
  A hobgoblin (D)
  A kobold (D)
149 creatures vanquished.

Vanquished Creatures (others)
  A fire elemental (D)
  2 foxfires (D)
3 creatures vanquished.

Grand Total: 152 creatures vanquished

Notes
Turn   | Place    | Note
-------+----------+-------------------------------------------
     0 | D        | hellse the Gnoll Transmuter began the quest for the Orb.
     0 | D        | Reached XP level 1. HP: 17/17 MP: 6/6
     9 | D        | Reached skill level 5 in Spellcasting
    11 | D        | Reached skill level 1 in Invocations
    17 | D        | Reached skill level 1 in Short Blades
    17 | D        | Reached skill level 1 in Long Blades
    17 | D        | Reached skill level 1 in Axes
    17 | D        | Reached skill level 1 in Maces & Flails
    17 | D        | Reached skill level 1 in Polearms
    17 | D        | Reached skill level 1 in Staves
    17 | D        | Reached skill level 1 in Ranged Weapons
    17 | D        | Reached skill level 1 in Throwing
    17 | D        | Reached skill level 1 in Armour
    17 | D        | Reached skill level 1 in Stealth
    17 | D        | Reached skill level 1 in Shields
    17 | D        | Reached skill level 1 in Evocations
    20 | D        | Reached XP level 2. HP: 22/23 MP: 8/8
    25 | D        | Learned a level 2 spell: Wereblood
    30 | D        | Noticed a gnoll sergeant
    30 | D        | Noticed a gnoll sergeant
    38 | D        | Killed a gnoll sergeant
    39 | D        | Reached skill level 5 in Dodging
    39 | D        | Reached XP level 3. HP: 30/30 MP: 6/10
    39 | D        | Reached XP level 4. HP: 37/37 MP: 6/11
    46 | D        | Killed a gnoll sergeant
    47 | D        | Reached skill level 5 in Transmutations
    47 | D        | Reached XP level 5. HP: 43/43 MP: 7/13
    59 | D        | Found a snail-covered altar of Cheibriados.
    59 | D        | Found a shadowy altar of Dithmenos.
    59 | D        | Found a white marble altar of Elyvilon.
    59 | D        | Found a blossoming altar of Fedhas.
    59 | D        | Found an opulent altar of Gozag.
    60 | D        | Found a hazy altar of Hepliaklqana.
    61 | D        | Found a viscous altar of Jiyva.
    62 | D        | Found an ancient bone altar of Kikubaaqudgha.
    63 | D        | Found a corrupted altar of Lugonu.
    64 | D        | Found a burning altar of Makhleb.
    65 | D        | Found a sparkling altar of Nemelex Xobeh.
    66 | D        | Found an iron altar of Okawaru.
    67 | D        | Found a stormy altar of Qazlal.
    68 | D        | Found a sacrificial altar of Ru.
    69 | D        | Found a shimmering blue altar of Sif Muna.
    70 | D        | Found a bloodstained altar of Trog.
    71 | D        | Found a hide-covered altar of Uskayaw.
    72 | D        | Found a radiant altar of Vehumet.
    73 | D        | Found an ornate altar of the Wu Jian Council.
    74 | D        | Found a shimmering altar of Xom.
    75 | D        | Found a basalt altar of Yredelemnul.
    76 | D        | Found a glowing silver altar of Zin.
    77 | D        | Became a worshipper of Sif Muna the Loreminder
    78 | D        | Found a glowing golden altar of the Shining One.
   112 | D        | Learned a level 3 spell: Spider Form
   117 | D        | Learned a level 4 spell: Ice Form
   119 | D        | Noticed a yak
   119 | D        | Noticed a wyvern
   119 | D        | Noticed an orc warrior
   119 | D        | Noticed a wyvern
   126 | D        | Reached skill level 5 in Fighting
   126 | D        | Reached XP level 6. HP: 51/51 MP: 8/15
   127 | D        | Killed a yak
   128 | D        | Reached skill level 5 in Short Blades
   128 | D        | Reached skill level 5 in Long Blades
   128 | D        | Reached skill level 5 in Axes
   128 | D        | Reached skill level 5 in Maces & Flails
   128 | D        | Reached skill level 5 in Polearms
   128 | D        | Reached skill level 5 in Staves
   128 | D        | Reached skill level 5 in Ranged Weapons
   128 | D        | Reached skill level 5 in Throwing
   128 | D        | Reached skill level 5 in Armour
   128 | D        | Reached skill level 5 in Stealth
   128 | D        | Reached skill level 5 in Shields
   128 | D        | Reached skill level 5 in Invocations
   128 | D        | Reached skill level 5 in Evocations
   129 | D        | Killed a wyvern
   129 | D        | Reached * piety under Sif Muna
   130 | D        | Reached XP level 7. HP: 58/58 MP: 9/18
   134 | D        | Killed a wyvern
   135 | D        | Reached skill level 5 in Conjurations
   135 | D        | Reached skill level 5 in Hexes
   135 | D        | Reached skill level 5 in Summonings
   135 | D        | Reached skill level 5 in Necromancy
   135 | D        | Reached skill level 5 in Translocations
   135 | D        | Reached skill level 5 in Fire Magic
   135 | D        | Reached skill level 5 in Ice Magic
   135 | D        | Reached skill level 5 in Air Magic
   135 | D        | Reached skill level 5 in Earth Magic
   135 | D        | Reached skill level 5 in Poison Magic
   136 | D        | Reached ** piety under Sif Muna
   182 | D        | Noticed a shadow
   182 | D        | Noticed a shadow
   182 | D        | Noticed a wraith
   182 | D        | Noticed a manticore
   182 | D        | Noticed a vampire mosquito
   182 | D        | Noticed a white ugly thing
   189 | D        | Killed a shadow
   190 | D        | Reached XP level 8. HP: 50/67 MP: 13/20
   192 | D        | Killed a shadow
   195 | D        | Killed a wraith
   196 | D        | Reached *** piety under Sif Muna
   197 | D        | Killed a manticore
   198 | D        | Reached skill level 10 in Unarmed Combat
   198 | D        | Reached XP level 9. HP: 37/74 MP: 15/22
   202 | D        | Killed a white ugly thing
   481 | D        | Noticed a komodo dragon
   481 | D        | Noticed a komodo dragon
   489 | D        | Killed a komodo dragon
   489 | D        | Reached **** piety under Sif Muna
   493 | D        | Killed a komodo dragon
   505 | D        | Reached ***** piety under Sif Muna
   505 | D        | Received a gift from Sif Muna
   506 | D        | Reached skill level 10 in Spellcasting
   507 | D        | Reached XP level 10. HP: 70/83 MP: 20/24
   508 | D        | Got Sif Muna's Dissertation on the Injurious Pyre {god
                  | gift}
   519 | D        | Learned a level 5 spell: Arcjolt
   593 | D        | Noticed a six-headed hydra
   593 | D        | Noticed a cane toad
   598 | D        | Killed a six-headed hydra
   599 | D        | Reached skill level 10 in Dodging
   607 | D        | Reached skill level 10 in Invocations
   613 | D        | Killed a cane toad
   619 | D        | Received a gift from Sif Muna
   624 | D        | Reached skill level 10 in Fighting
   868 | D        | Got Xesoompaeli's Catalogue of the Undead {god gift}
   881 | D        | Noticed a death yak
   886 | D        | Noticed a death yak
   893 | D        | Killed a death yak
  1045 | D        | Reached skill level 10 in Short Blades
  1045 | D        | Reached skill level 10 in Long Blades
  1045 | D        | Reached skill level 10 in Axes
  1045 | D        | Reached skill level 10 in Maces & Flails
  1045 | D        | Reached skill level 10 in Polearms
  1045 | D        | Reached skill level 10 in Staves
  1045 | D        | Reached skill level 10 in Ranged Weapons
  1045 | D        | Reached skill level 10 in Throwing
  1045 | D        | Reached skill level 10 in Armour
  1045 | D        | Reached skill level 10 in Stealth
  1045 | D        | Reached skill level 10 in Shields
  1045 | D        | Reached skill level 10 in Evocations
  1045 | D        | Reached XP level 11. HP: 92/92 MP: 20/26
  1059 | D        | Killed a death yak
  1059 | D        | Received a gift from Sif Muna
  1069 | D        | Got Sif Muna's Opusculum on the Pyromaniac and the Iceberg
                  | {god gift}
  1076 | D        | Learned a level 5 spell: Borgnjor's Vile Clutch
  1146 | D        | Noticed Grum
  1158 | D        | Killed Grum
  1244 | D        | Received a gift from Sif Muna
  1256 | D        | Received a gift from Sif Muna
  1266 | D        | Got Fajammut's Compendium of Glamour {god gift}
  1276 | D        | Got Sif Muna's Folio of the Macabre Congregation {god gift}
  1283 | D        | Learned a level 5 spell: Silence
  1297 | D        | Noticed an orc knight
  1297 | D        | Noticed an orc knight
  1297 | D        | Noticed an orc knight
  1355 | D        | Killed an orc knight
  1539 | D        | Killed an orc knight
  1666 | D        | Reached ****** piety under Sif Muna
  1690 | D        | Received a gift from Sif Muna
  1691 | D        | Got Jeymop's Directory of Heat and Striking {god gift}
  1904 | D        | Killed an orc knight
  2001 | D        | Reached skill level 10 in Transmutations
  2048 | D        | Found Celostoo's Antique Weapon Emporium.
  2048 | D        | Noticed an orc knight
  2048 | D        | Noticed an orc knight
  2048 | D        | Noticed an orc knight
  2048 | D        | Noticed an orc knight
  2048 | D        | Noticed an orc knight
  2058 | D        | Killed an orc knight
  2058 | D        | Received a gift from Sif Muna
  2059 | D        | Got Sif Muna's Grimoire of Conflict and Bedrock {god gift}
  2065 | D        | Killed an orc knight
  2141 | D        | Killed an orc knight
  2145 | D        | Killed an orc knight
  2309 | D        | Killed an orc knight
  2400 | D        | Noticed an orc knight
  2411 | D        | Killed an orc knight
  2436 | D        | Noticed an orc knight
  2444 | D        | Killed an orc knight
  2445 | D        | Reached XP level 12. HP: 102/102 MP: 24/28
  2527 | D        | Found Ebokitu's Distillery.
  2531 | D        | Found Zody's Magic Scroll Emporium.
  2535 | D        | Found Gamu's Jewellery Shoppe.
  2551 | D        | Received a gift from Sif Muna
  2561 | D        | Got Sif Muna's Lectures on the Entourage and Minerals {god
                  | gift}
  2576 | D        | Bought the macabre finger necklace {rN+} for 440 gold
                  | pieces
  2576 | D        | Found the macabre finger necklace {rN+}
  2576 | D        | Bought the ring "Vusygavyev" {rElec rC++ Int+3 Slay+4
                  | Stlth-} for 1210 gold pieces
  2704 | D        | Learned a level 5 spell: Lee's Rapid Deconstruction
  2756 | D        | Noticed Joseph
  2767 | D        | Killed Joseph
  2893 | D        | Noticed a tengu warrior
  2897 | D        | Noticed a fire dragon
  2898 | D        | Killed a tengu warrior
  2899 | D        | Reached skill level 10 in Conjurations
  2899 | D        | Reached skill level 10 in Hexes
  2899 | D        | Reached skill level 10 in Summonings
  2899 | D        | Reached skill level 10 in Necromancy
  2899 | D        | Reached skill level 10 in Translocations
  2899 | D        | Reached skill level 10 in Fire Magic
  2899 | D        | Reached skill level 10 in Ice Magic
  2899 | D        | Reached skill level 10 in Air Magic
  2899 | D        | Reached skill level 10 in Earth Magic
  2899 | D        | Reached skill level 10 in Poison Magic
  2902 | D        | Received a gift from Sif Muna
  3027 | D        | Noticed a fire giant
  3029 | D        | Noticed an ice dragon
  3034 | D        | Killed a fire dragon
  3034 | D        | Noticed a purple very ugly thing
  3564 | D        | Killed an ice dragon
  3685 | D        | Killed a fire giant
  3748 | D        | Killed a purple very ugly thing
  3857 | D        | Noticed a rakshasa
  3869 | D        | Killed a rakshasa
  4087 | D        | Noticed a hell knight
  4094 | D        | Killed a hell knight
  4116 | D        | Noticed an ice dragon
  4255 | D        | Killed an ice dragon
  4255 | D        | Received a gift from Sif Muna
  4265 | D        | Got Sif Muna's Willworking, Part Five {god gift}
  4308 | D        | Noticed Donald
  4334 | D        | Killed Donald
  4335 | D        | Reached XP level 13. HP: 31/111 MP: 9/30
  4687 | D        | Received a gift from Sif Muna
  4698 | D        | Got Sif Muna's Folio of Snow and Execration {god gift}
  4817 | D        | Received a gift from Sif Muna
  4818 | D        | Got Vues Comimi's Spellbook of the Dark Summer {god gift}
  4824 | D        | Reached skill level 15 in Unarmed Combat
  4940 | D        | Learned a level 5 spell: Blade Hands
  4971 | D        | Noticed a bunyip
  4971 | D        | Noticed an eleionoma
  4971 | D        | Noticed an eleionoma
  4980 | D        | Killed an eleionoma
  4980 | D        | Noticed a bunyip
  4981 | D        | Reached skill level 15 in Invocations
  4991 | D        | Killed an eleionoma
  4991 | D        | Received a gift from Sif Muna
  4993 | D        | Killed a bunyip
  4994 | D        | Killed a bunyip
  5007 | D        | Got Sif Muna's Volume of Kinetic Ice {god gift}
  5154 | D        | Learned a level 6 spell: Starburst
  5163 | D        | Reached skill level 15 in Spellcasting
  5247 | D        | Received a gift from Sif Muna
  5248 | D        | Reached skill level 15 in Dodging
  5263 | D        | Got Sif Muna's Exposition on Execration {god gift}
  5585 | D        | Received a gift from Sif Muna
  5586 | D        | Got Acubueg's Guide on Lethal Command {god gift}
  5606 | D        | Noticed Nessos
  5610 | D        | Noticed Kirke
  5612 | D        | Noticed Azrael
  5616 | D        | Reached XP level 14. HP: 93/121 MP: 24/33
  5617 | D        | Killed Nessos
  5621 | D        | Killed Kirke
  5631 | D        | Killed from afar by Azrael

Illustrated notes

Levels and vault maps discovered:
D:        linesprint [early_d, line_temple, items_1, d_10, items_2, lair_1,
          lair_end, items_3, orc_1, orc_end, items_4, d_15, swamp_1, shoals_1,
          snake_1, spider_1, d_20, vaults_1, items_5, swamp_end, shoals_end,
          snake_end, spider_end, vaults_end, d_27, items_6, zot_1, zot_end,
          crypt_end, forest_end, elf_end, slime_end, tomb_end, abyss_end,
          pan_hell_end]

Skill      XL: |  1  2  3  4  5  6  7  8  9 10 11 12 13 14 |
---------------+-------------------------------------------+-----
Spellcasting   | 5 6 7 8 9 10 11 12 13 15 | 15.4
Invocations    | 1 2 4 6 7 8 9 10 12 14 15 | 15.9
Short Blades   | 1 2 3 4 5 6 7 8 10 11 13 14 | 14.6
Long Blades    | 1 2 3 4 5 6 7 8 10 11 13 14 | 14.6
Axes           | 1 2 3 4 5 6 7 8 10 11 13 14 | 14.6
Maces & Flails | 1 2 3 4 5 6 7 8 10 11 13 14 | 14.6
Polearms       | 1 2 3 4 5 6 7 8 10 11 13 14 | 14.6
Staves         | 1 2 3 4 5 6 7 8 10 11 13 14 | 14.6
Ranged Weapons | 1 2 3 4 5 6 7 8 10 11 13 14 | 14.6
Throwing       | 1 2 3 4 5 6 7 8 10 11 13 14 | 14.6
Armour         | 1 2 3 4 5 6 7 8 10 11 13 14 | 14.6
Stealth        | 1 2 3 4 5 6 7 8 10 11 13 14 | 14.6
Shields        | 1 2 3 4 5 6 7 8 10 11 13 14 | 14.6
Evocations     | 1 2 3 4 5 6 7 8 10 11 13 14 | 14.6
Fighting       | 3 4 5 6 7 9 10 11 13 14 | 14.9
Dodging        | 5 6 7 8 9 11 12 13 15 | 15.3
Unarmed Combat | 7 8 9 10 11 13 14 15 | 15.9
Conjurations   | 2 3 4 5 6 7 8 9 11 12 | 12.4
Hexes          | 2 3 4 5 6 7 8 9 11 12 | 12.4
Summonings     | 2 3 4 5 6 7 8 9 11 12 | 12.4
Necromancy     | 2 3 4 5 6 7 8 9 11 12 | 12.4
Translocations | 2 3 4 5 6 7 8 9 11 12 | 12.4
Transmutations | 4 5 6 7 8 9 10 11 12 13 | 13.0
Fire Magic     | 2 3 4 5 6 7 8 9 11 12 | 12.4
Ice Magic      | 2 3 4 5 6 7 8 9 11 12 | 12.4
Air Magic      | 2 3 4 5 6 7 8 9 11 12 | 12.4
Earth Magic    | 2 3 4 5 6 7 8 9 11 12 | 12.4
Poison Magic   | 2 3 4 5 6 7 8 9 11 12 | 12.4

Action                   |  1- 3 |  4- 6 |  7- 9 | 10-12 | 13-15 || total
-------------------------+-------+-------+-------+-------+-------++-------
Melee: Unarmed           |    20 |    18 |    45 |   224 |    93 ||   400
       Kick              |     4 |     1 |       |       |       ||     5
       Bite              |     2 |       |       |       |    18 ||    20
       Punch             |       |       |       |       |     9 ||     9
 Cast: Beastly Appendage |     2 |       |       |       |       ||     2
       Wereblood         |     1 |     1 |     2 |     8 |     5 ||    17
       Ice Form          |       |     1 |     2 |    28 |     3 ||    34
       Arcjolt           |       |       |       |     6 |       ||     6
       Borgnjor's Vile C |       |       |       |    23 |    11 ||    34
       Lee's Rapid Decon |       |       |       |     6 |       ||     6
       Spider Form       |       |       |       |     5 |     2 ||     7
       Blade Hands       |       |       |       |       |     6 ||     6
Evoke: Wand              |       |       |     3 |     6 |       ||     9
  Use: Potion            |     1 |       |     1 |     3 |     5 ||    10
       Scroll            |       |       |       |     4 |     3 ||     7
 Stab: Distracted        |       |       |       |     1 |       ||     1
       Sleeping          |       |       |       |     2 |     1 ||     3
Armor: Robe              |       |     1 |       |       |       ||     1
       Skin              |       |     3 |     3 |    27 |     8 ||    41
       Ice dragon scales |       |       |       |       |    22 ||    22
Dodge: Dodged            |    10 |     7 |    19 |   114 |    48 ||   198
Block: Kite shield       |       |       |       |       |    11 ||    11

Table legend: (Time is in decaauts)
 A = Elapsed time spent in this place.
 B = Non-inter-level travel time spent in this place.
 C = Inter-level travel time spent in this place.
 D = Time resting spent in this place.
 E = Time spent auto-exploring this place.
 F = Levels seen in this place.
 G = Mean time per level.
                   A        B        C        D        E       F      G
               +--------+--------+--------+--------+--------+-----+--------+
         Total |   5529 |   5478 |     51 |   3312 |    660 |   1 | 5529.0 |
       Dungeon |   5529 |   5478 |     51 |   3312 |    660 |   1 | 5529.0 |
               +--------+--------+--------+--------+--------+-----+--------+

Top non-repeatable levels by time:
       D: 5529 daAuts
